 Dungeon Crawl Stone Soup version 0.19.4-9-g45fd643 (webtiles) character file.

1420 maxonian the Fighter (level 8, -6/181 HPs)
             Began as a Naga Gladiator on Feb 17, 2017.
             Was a Believer of Cheibriados.
             Killed from afar by an orc wizard (7 damage)
             ... with a puff of frost
             ... on level 7 of the Dungeon.
             The game lasted 00:11:28 (6488 turns).

maxonian the Fighter (Naga Gladiator)               Turns: 6488, Time: 00:11:29

Health: -6/181     AC: 24    Str: 26 (29) XL:     8   Next: 71%
Magic:  7/7        EV:  1    Int: 14 (16) God:    Cheibriados [**....]
Gold:   237        SH:  0    Dex: 14 (16) Spells: 0 memorised, 7 levels left

rFire  . . .     SeeInvis +     a - +0 long sword
rCold  . . .     Gourm    .     (armour currently unavailable)
rNeg   + + +     Faith    .     (no shield)
rPois  +         Spirit   .     (helmet currently unavailable)
rElec  .         Reflect  .     (cloak currently unavailable)
rCorr  .         Harm     .     (gloves currently unavailable)
MR     ++...     Rnd*Rage +     (no barding)
Stlth  .......... NoTele   +    (no amulet)
                                (no ring)
                                (no ring)

@: berserking, tree-form, very slow
A: repulsion field 1, (camouflage 0), see invisible, berserk 1, clever 1,
(deformed body), low mp 1, magic resistance 1, (poison resistance), (slowness
0), slow metabolism 1, spit poison 1, strong 1, AC +2
a: Spit Poison, Bend Time, Renounce Religion


You were on level 7 of the Dungeon.
You worshipped Cheibriados.
Cheibriados was pleased with you.
You were not hungry.
You were a tree.
You visited 2 branches of the dungeon, and saw 8 of its levels.

You collected 237 gold pieces.

Inventory:

Hand Weapons
 a - a +0 long sword (weapon)
 C - a cursed -3 blowgun
 H - a +1 whip of venom
 O - a +0 great sword of holy wrath
Missiles
 d - 2 throwing nets
 n - 60 bolts
 o - 10 sling bullets
 p - 31 poisoned needles
 x - 83 stones (quivered)
 A - 45 arrows
Armour
 b - a +0 leather armour
 c - a +0 helmet
 h - a +1 hat (melded)
 l - a +0 cloak (melded)
 I - a cursed +0 chain mail (melded)
Jewellery
 z - an uncursed ring of wizardry {unknown}
 B - an uncursed amulet of magic regeneration {unknown}
Wands
 F - a wand of lightning (10/15)
Scrolls
 e - a scroll of blinking {unknown}
 i - 6 scrolls of identify {unknown}
 m - a scroll of fog {unknown}
 q - a scroll of enchant armour {unknown}
 y - 3 scrolls of noise {unknown}
 D - 2 scrolls of amnesia {unknown}
 E - 2 scrolls of remove curse {unknown}
 G - a scroll of teleportation {unknown}
 J - a scroll of enchant weapon {unknown}
Potions
 k - a potion of resistance {unknown}
 r - a potion of brilliance {unknown}
 s - a potion of haste {unknown}
Comestibles
 f - 3 bread rations
 g - a beef jerky
 t - 2 fruits
 v - a royal jelly
 w - 6 meat rations
 M - 3 chunks of flesh
 N - a slice of pizza


   Skills:
 - Level 8.1 Fighting
 + Level 5.7 Long Blades
 - Level 1.7 Throwing
 + Level 0.8 Armour
 + Level 2.7 Dodging
 - Level 6.5 Stealth


You had 7 spell levels left.
You didn't know any spells.

Dungeon Overview and Level Annotations

Branches:
Dungeon (7/15)             Temple (1/1) D:4

Altars:
Cheibriados
Dithmenos
Fedhas
Hepliaklqana
Makhleb
Qazlal
Ru
Vehumet
Xom
Zin

Annotations:
D:2 5 exclusions
D:6 Menkaure


Innate Abilities, Weirdness & Mutations

You cannot wear boots.
((Your serpentine skin is tough. (AC +2)))
You have supernaturally acute eyesight. (SInv)
((Armour fits poorly on your strangely shaped body.))
((Your system is resistant to poisons. (rPois)))
((You cover ground very slowly.))
You have a slow metabolism.
You can spit poison.
You are surrounded by a mild repulsion field. (EV +2)
((Your skin changes colour to match your surroundings (Stealth+).))
You tend to lose your temper in combat.
Your mind is acute. (Int +2)
Your magical capacity is low. (-10% MP)
You are resistant to hostile enchantments. (MR+)
Your muscles are strong. (Str +2)


Message History

The ooze hits you but does no damage.
You slice the ooze!!
You kill the ooze!
Cheibriados thoroughly appreciates the change of pace.
The orc wizard hits you but does no damage.
The bullfrog hits you.
* * * LOW HITPOINT WARNING * * *
The orc wizard hits you but does no damage.
The orc priest hits you but does no damage.
The orc wizard hits you but does no damage.
The bullfrog hits you.
* * * LOW HITPOINT WARNING * * *
The orc wizard hits you but does no damage.
You closely miss the orc priest. The orc wizard barely misses you.
The bullfrog hits you but does no damage.
The orc priest hits you but does no damage.
The orc wizard hits you but does no damage.
The orc wizard gestures at you while chanting.
The puff of frost hits you!
You die...

######
#....#
#....#
#....####
#.......#
#.......#
#..o)F..#
#.)♣...#
#.)oo..#
.........#
####......#
.......#
#.#+#####
#. #.


You could see a bullfrog, an orc priest and 2 orc wizards.

Vanquished Creatures
  Grinder (D:6)
  An orc warrior (D:7)
  3 sky beasts
  A centaur (D:5)
  An ogre (D:5)
  A bullfrog (D:5)
  4 crimson imps
  A centaur zombie (D:5)
  An orc priest (D:7)
  2 centaur skeletons
  An iguana (D:4)
  3 orc wizards (D:4)
  3 worker ants (D:4)
  7 adders
  An ooze (D:7)
  2 worms (D:2)
  4 dart slugs
  6 leopard geckos
  8 orcs
  6 bats
  10 goblins
  9 hobgoblins
  12 jackals
  11 kobolds
  2 quokkas (D:3)
  5 frilled lizards
  A leopard gecko skeleton (D:5)
  2 quokka skeletons
  A quokka zombie (D:5)
  7 rats
117 creatures vanquished.

Vanquished Creatures (others)
  5 fungi (D:6)
5 creatures vanquished.

Grand Total: 122 creatures vanquished

Notes
Turn   | Place    | Note
-------+----------+-------------------------------------------
     0 | D:1      | maxonian the Naga Gladiator began the quest for the Orb.
     0 | D:1      | Reached XP level 1. HP: 19/19 MP: 1/1
   372 | D:1      | Reached XP level 2. HP: 24/27 MP: 2/2
  1128 | D:2      | Reached XP level 3. HP: 28/33 MP: 3/3
  1279 | D:2      | Reached skill level 3 in Fighting
  1442 | D:2      | Reached XP level 4. HP: 25/42 MP: 4/4
  1603 | D:2      | Found a stormy altar of Qazlal.
  2823 | D:3      | Found a hazy altar of Hepliaklqana.
  3132 | D:3      | Found a burning altar of Makhleb.
  3133 | D:3      | Found a shimmering altar of Xom.
  3139 | D:3      | Reached XP level 5. HP: 50/50 MP: 5/5
  3171 | D:3      | You fall through a shaft!
  3188 | D:4      | Reached skill level 4 in Fighting
  3553 | D:4      | Reached skill level 5 in Long Blades
  3560 | D:4      | Reached XP level 6. HP: 18/58 MP: 6/6
  3572 | D:4      | Gained mutation: Your muscles are strong. (Str +2) [potion of mutation]
  3572 | D:4      | Gained mutation: You tend to lose your temper in combat. [potion of mutation]
  3572 | D:4      | Gained mutation: Your mind is acute. (Int +2) [potion of mutation]
  3573 | D:4      | Gained mutation: Your skin changes colour to match your surroundings (Stealth+). [potion of mutation]
  3573 | D:4      | Gained mutation: Your magical capacity is low. (-10% MP) [potion of mutation]
  4242 | D:3      | Reached skill level 5 in Fighting
  4476 | D:3      | Found a sacrificial altar of Ru.
  4589 | D:4      | Found a staircase to the Ecumenical Temple.
  4596 | Temple   | Entered the Ecumenical Temple
  4675 | Temple   | Became a worshipper of Cheibriados the Contemplative
  5156 | D:4      | Reached skill level 1 in Stealth
  5156 | D:4      | Reached XP level 7. HP: 57/67 MP: 6/6
  5410 | D:5      | Entered Level 5 of the Dungeon
  5442 | D:5      | Gained mutation: You are resistant to hostile enchantments. (MR+) [potion of mutation]
  5442 | D:5      | Gained mutation: You are surrounded by a mild repulsion field. (EV +2) [potion of mutation]
  5457 | D:5      | Reached * piety under Cheibriados
  5667 | D:5      | Reached skill level 6 in Fighting
  5736 | D:5      | Found a radiant altar of Vehumet.
  6149 | D:5      | Reached skill level 7 in Fighting
  6149 | D:5      | Reached XP level 8. HP: 72/80 MP: 7/7
  6161 | D:5      | Reached skill level 5 in Stealth
  6281 | D:6      | Noticed Grinder
  6305 | D:6      | Killed Grinder
  6309 | D:6      | Reached skill level 8 in Fighting
  6413 | D:6      | Reached ** piety under Cheibriados
  6462 | D:6      | Noticed Menkaure
  6483 | D:7      | HP: 9/181 [orc warrior/battleaxe (4)]
  6487 | D:7      | HP: 1/181 [bullfrog (5)]
  6488 | D:7      | Killed from afar by an orc wizard

Skill      XL: |  1  2  3  4  5  6  7  8 |
---------------+-------------------------+-----
Fighting       | 3 4 5 7 8 |  8.1
Long Blades    | 4 5 |  5.7
Stealth        | 1 4 6 |  6.5
Throwing       | |  1.7
Armour         | |  0.8
Dodging        | |  2.7

Action                   |  1- 3 |  4- 6 |  7- 9 || total
-------------------------+-------+-------+-------++-------
Melee: Long sword        |    94 |   229 |   128 ||   451
Throw: Throwing net      |       |     1 |       ||     1
       Stone             |       |     5 |       ||     5
 Abil: Spit Poison       |     1 |    15 |     1 ||    17
  Use: Potion            |       |     5 |     6 ||    11
 Stab: Sleeping          |       |     1 |       ||     1
  Eat: Chunk             |     1 |    10 |     5 ||    16
Armor: Leather armour    |    39 |    65 |       ||   104
       Skin              |       |    16 |    82 ||    98
       Chain mail        |       |       |    71 ||    71
Dodge: Dodged            |    69 |   133 |    46 ||   248
       Rpst.: Long sword |    22 |    32 |    14 ||    68
